 Dungeon Crawl Stone Soup version 0.27.1-33-g824d729ab1 (webtiles) character file.

Game seed: 4228333393376021181

6068 DenSaoPin the Blocker (level 10, -25/77 HPs)
             Began as a Minotaur Berserker on Dec 1, 2021.
             Was an Elder of Trog.
             Killed from afar by an efreet (28 damage)
             ... with a bolt of fire
             ... on level 9 of the Dungeon.
             The game lasted 00:30:52 (10518 turns).

DenSaoPin the Blocker (Minotaur Berserker)         Turns: 10518, Time: 00:30:53

Health: -25/77     AC: 21    Str: 23    XL:     10   Next: 57%
Magic:  9/9        EV:  7    Int:  5    God:    Trog [****..]
Gold:   433        SH: 12    Dex: 11    Spells: 9/9 levels left

rFire    . . .     SeeInvis .   j - +3 hand axe (vorpal)
rCold    . . .     Faith    .   o - +0 kite shield
rNeg     . . .     Spirit   .   E - +0 plate armour
rPois    +         Reflect  .   (helmet restricted)
rElec    .         Harm     .   (no cloak)
rCorr    .         Rampage  .   x - +0 pair of gloves
Will     ++...                  L - +0 pair of boots
Stlth    ..........             (no amulet)
HPRegen  1.22/turn              G - ring of poison resistance
MPRegen  0.11/turn              F - +4 ring of protection

@: strong-willed, on berserk cooldown, regenerating, slowed, very slow
A: horns 2, retaliatory headbutt
a: Renounce Religion, Berserk, Trog's Hand, Brothers in Arms


You were on level 9 of the Dungeon.
You worshipped Trog.
Trog was greatly pleased with you.
You visited 1 branch of the dungeon, and saw 9 of its levels.

You collected 433 gold pieces.

Inventory:

Hand Weapons
 a - a +0 hand axe
 b - the +2 rapier of the Freezing Shark {venom, Contam *Slow Fly Will+++}
   (You found it on level 9 of the Dungeon)

   It poisons the flesh of those it strikes.
   Fly:       It grants you flight.
   Contam:    It causes magical contamination when unequipped.
   *Slow:     It may slow you when you take damage.
   Will:      It greatly increases your willpower.
 j - a +3 vorpal hand axe (weapon)
 n - a +1 whip of electrocution
 w - a +0 arbalest
 A - a +0 vorpal shortbow
 J - a +0 battleaxe
 R - a +0 war axe
Missiles
 g - 123 arrows
 h - 63 bolts
 s - 5 javelins (quivered)
 O - a throwing net
Armour
 o - a +0 kite shield (worn)
 x - a +0 pair of gloves (worn)
 E - a +0 plate armour (worn)
 L - a +0 pair of boots (worn)
 N - a +0 ring mail of cold resistance
 Q - +0 steam dragon scales
Jewellery
 q - a ring of resist corrosion
 u - a ring of resist corrosion
 F - a +4 ring of protection (right hand)
 G - a ring of poison resistance (left hand)
 I - a ring of ice
Wands
 y - a wand of acid (2)
 M - a wand of digging (5)
 P - a wand of iceblast (12)
Scrolls
 c - 5 scrolls of identify
 d - 2 scrolls of enchant armour
 f - a scroll of amnesia
 C - a scroll of acquirement {unknown}
 D - a scroll of vulnerability {unknown}
Potions
 e - 2 potions of cancellation
 i - a potion of attraction
 l - a potion of flight
 m - a potion of heal wounds
 r - 2 potions of degeneration {unknown}
 B - 2 potions of haste {unknown}
 H - a potion of curing {unknown}
 K - a potion of brilliance {unknown}


   Skills:
 - Level 3.6 Fighting
 - Level 10.1 Axes
 - Level 10.0 Armour
 - Level 2.1 Dodging
 + Level 11.0 Shields
 + Level 5.8 Evocations


You had 9 spell levels left.
You didn't know any spells.
Your spell library was empty.

Dungeon Overview and Level Annotations

Branches:
Dungeon (9/15)             Temple (0/1) D:7
   Lair: D:8-11         Orc: D:9-12

Altars:
Ashenzari
Cheibriados
Dithmenos
Elyvilon
Hepliaklqana
Makhleb
Nemelex Xobeh
Okawaru
Sif Muna
Trog
Xom
The Shining One

Shops:
D:2 (   D:4 (*?*::

Annotations:
D:4 3 runed translucent doors, TangoThomas's ghost, novice KoAr


Innate Abilities, Weirdness & Mutations

You have a pair of horns on your head.
You reflexively headbutt those who attack you in melee.


Message History

The fiery explosion engulfs you but does no damage.
You are engulfed in blazing flames.
* * * LOW HITPOINT WARNING * * *
You hear an angry hiss.
You hear a shout! x2; You hear a roar!
Your Shields skill increases to level 11!
Your skin crawls.
You feel strong-willed. Trog will no longer gift you weapons.
The efreet gestures at you.
The fireball explodes!
The fireball engulfs you.
* * * LOW HITPOINT WARNING * * *
The fireball engulfs the efreet.
The efreet completely resists.
You hear an angry hiss.
A red film seems to cover your vision as you go berserk!
You feel yourself moving faster!
You feel mighty!
The efreet hits you with a +2 scimitar of flaming!!
* * * LOW HITPOINT WARNING * * *
The efreet burns you.
* * * LOW HITPOINT WARNING * * *
You hit the efreet but do no damage. You slash the efreet!
Flame seeps out of the efreet. x3
You headbutt the efreet!
The efreet is severely wounded.
The efreet gestures at you. The bolt of fire misses you.
You hit the efreet.
Flame seeps out of the efreet. x2
Your headbutt misses the efreet.
The efreet is almost dead.
You block the efreet's attack.
You feel a strong urge to attack something.
You are no longer berserk.
You are exhausted.
You feel yourself slow down. The efreet gestures at you.
The fireball explodes!
The fireball engulfs you.
* * * LOW HITPOINT WARNING * * *
A basilisk comes into view.
The efreet gestures at you. The bolt of fire hits you!!
You die...

#####..#####..###.....##
#..####.[..#...#....##.#
#.##.####..#......####.#
#......####.....####..##
#.######.###..#####...#
#..........#### ##...##
#.######.##.#####...##
#......#####.......##
#.##.####@.######...##
##..####..#..## ##...##
#.####..###.#.## ##...#
#.##..###..###R## ##..#
##..###..######.## ####
####..###..# ##°#######
##....#.# ##l§....#
###.##.# ##.#######
###..###.##


You could see an efreet (inner flame) and a basilisk.

Vanquished Creatures
  A boulder beetle (D:9)
  A centaur warrior (D:9)
  A shadow (D:9)
  2 wyverns
  3 humans (D:7)
  2 steam dragons (D:9)
  2 water moccasins
  8 orc warriors
  An ice beast (D:3)
  A black bear (D:7)
  4 ogres
  A necrophage (D:6)
  4 centaurs
  2 kobold brigands
  A bullfrog (D:9)
  A gnoll sergeant (D:8)
  A wyvern zombie (D:7)
  Blork the orc (D:5)
  A scorpion (D:6)
  A wyvern skeleton (D:6)
  A water moccasin skeleton (D:6)
  A killer bee (D:9)
  4 wights (D:8)
  2 howler monkeys (D:9)
  6 centaur zombies
  2 jellies (D:6)
  2 orc priests (D:7)
  4 hounds
  A bullfrog skeleton (D:6)
  An iguana (D:6)
  4 orc wizards
  Robin (D:2)
  A howler monkey zombie (D:9)
  3 gnolls (D:8)
  A howler monkey skeleton (D:7)
  6 adders
  A shadow imp (D:6)
  A white imp (D:6)
  An adder skeleton (D:4)
  4 worms
  26 orcs
  8 endoplasms
  2 giant cockroaches
  19 goblins
  11 hobgoblins
  2 jackals (D:1)
  35 kobolds
  4 quokkas
  4 ball pythons
  2 bats
  A frilled lizard (D:3)
  7 rats
  A spectral hobgoblin (D:4)
208 creatures vanquished.

Vanquished Creatures (others)
  5 dream sheep (D:3)
  A demonic plant (D:2)
  A fungus (D:4)
  29 plants
  2 withered plants (D:2)
38 creatures vanquished.

Grand Total: 246 creatures vanquished

Notes
Turn   | Place    | Note
-------+----------+-------------------------------------------
     0 | D:1      | DenSaoPin the Minotaur Berserker began the quest for the
                  | Orb.
     0 | D:1      | Reached XP level 1. HP: 19/19 MP: 0/0
   146 | D:1      | Reached XP level 2. HP: 14/26 MP: 1/1
  1039 | D:2      | Reached XP level 3. HP: 20/31 MP: 2/2
  1540 | D:2      | Reached ** piety under Trog
  1974 | D:2      | Found an iron altar of Okawaru.
  1994 | D:2      | Reached XP level 4. HP: 33/39 MP: 3/3
  2093 | D:2      | Noticed Robin
  2104 | D:2      | Reached skill level 5 in Axes
  2106 | D:2      | Killed Robin
  2405 | D:2      | Found Bugabbaw's Antique Weapon Emporium.
  2529 | D:2      | Found a faded altar of an unknown god.
  3398 | D:3      | Noticed an ice beast
  3408 | D:3      | Killed an ice beast
  3409 | D:3      | Reached skill level 5 in Armour
  3409 | D:3      | Reached XP level 5. HP: 35/45 MP: 4/4
  3633 | D:3      | Noticed a dream sheep
  3633 | D:3      | Noticed a dream sheep
  3633 | D:3      | Noticed a dream sheep
  3633 | D:3      | Noticed a dream sheep
  3633 | D:3      | Noticed a dream sheep
  3633 | D:3      | Found a shimmering altar of Xom.
  3639 | D:3      | Killed a dream sheep
  3639 | D:3      | Killed a dream sheep
  3639 | D:3      | Killed a dream sheep
  3639 | D:3      | Killed a dream sheep
  3639 | D:3      | Killed a dream sheep
  3997 | D:3      | Reached *** piety under Trog
  4174 | D:4      | Found a bloodstained altar of Trog.
  4192 | D:4      | Reached XP level 6. HP: 42/51 MP: 5/5
  4273 | D:4      | Found a runed translucent gate.
  4282 | D:4      | Found a runed translucent gate.
  4282 | D:4      | Noticed TangoThomas's ghost (novice KoAr)
  4314 | D:4      | Found Tiage's Magic Scroll Boutique.
  4314 | D:4      | Found Ykischira's Book Emporium.
  4317 | D:4      | Found Ogeidgh's General Store.
  4317 | D:4      | Found Feole's Book Shoppe.
  4319 | D:4      | Found Ruby's Weapon Boutique.
  4319 | D:4      | Found Conacylusm's Assorted Antiques.
  4394 | D:4      | Found a runed translucent gate.
  4423 | D:4      | Reached skill level 1 in Shields
  4493 | D:4      | Found a sparkling altar of Nemelex Xobeh.
  4676 | D:4      | Found a glowing golden altar of the Shining One.
  4964 | D:4      | Found a shadowy altar of Dithmenos.
  5043 | D:4      | Found a hazy altar of Hepliaklqana.
  5058 | D:5      | Entered Level 5 of the Dungeon
  5251 | D:5      | Reached skill level 2 in Shields
  5605 | D:5      | Noticed Blork the orc
  5611 | D:5      | Found a shimmering blue altar of Sif Muna.
  5926 | D:5      | Killed Blork the orc
  5927 | D:5      | Reached skill level 3 in Shields
  5927 | D:5      | Reached XP level 7. HP: 48/57 MP: 6/6
  6381 | D:6      | Reached skill level 4 in Shields
  6490 | D:6      | Reached XP level 8. HP: 45/64 MP: 7/7
  6837 | D:6      | Reached skill level 5 in Shields
  7123 | D:6      | Found a burning altar of Makhleb.
  7181 | D:7      | Found a staircase to the Ecumenical Temple.
  7286 | D:7      | Reached skill level 6 in Shields
  7334 | D:7      | Found a white marble altar of Elyvilon.
  7569 | D:7      | Reached **** piety under Trog
  7843 | D:7      | Reached XP level 9. HP: 45/70 MP: 8/8
  7844 | D:7      | Reached skill level 7 in Shields
  8279 | D:7      | Found a broken altar of Ashenzari.
  8398 | D:7      | Reached skill level 10 in Axes
  8482 | D:7      | Found a snail-covered altar of Cheibriados.
  8870 | D:8      | Reached skill level 8 in Shields
  8953 | D:8      | Reached skill level 10 in Armour
  8953 | D:8      | Reached skill level 1 in Evocations
  9042 | D:8      | Reached ***** piety under Trog
  9734 | D:9      | Reached skill level 9 in Shields
  9970 | D:9      | Reached XP level 10. HP: 77/77 MP: 9/9
 10273 | D:9      | Noticed a boulder beetle
 10320 | D:9      | Reached skill level 10 in Shields
 10320 | D:9      | Killed a boulder beetle
 10321 | D:9      | Reached skill level 5 in Evocations
 10329 | D:9      | Identified the +2 rapier of the Freezing Shark {venom,
                  | Contam *Slow Fly Will+++}
 10489 | D:9      | Noticed a centaur warrior
 10489 | D:9      | Noticed a boulder beetle
 10489 | D:9      | Noticed a boulder beetle
 10507 | D:9      | Killed a centaur warrior
 10508 | D:9      | Reached skill level 11 in Shields
 10517 | D:9      | HP: 2/77 [efreet/fireball (6)]
 10518 | D:9      | Killed from afar by an efreet

Illustrated notes

Levels and vault maps discovered:
D:1:      nicolae_arrival_somewhat_less_tricky_arrival, layout_rooms
D:2:      layout_basic, shapermc_ecumenical_altar_gd, serial_shops,
          nicolae_shop_overgrown_old_shop, basic_altar, minmay_tripent,
          uniq_robin
D:3:      layout_loops_corners, kb_xom_exploding_sheep,
          kennysheep_generic_room_11
D:4:      layout_rooms, mainiacjoe_overflow_boulevard,
          nemelex_diamond_rough_becter, nicolae_hepliaklqana_monster_ancestors,
          mainiacjoe_overflow_tiny_flanked, nicolae_tso_carved_into_rock,
          gammafunk_ghost_nasty_kobolds, nicolae_wooded_promenade
D:5:      layout_rooms, tgw_sif, grunt_decor_mini_mirrors
D:6:      cheibrodos_iron_armory, layout_gridville, makhleb_heckhound_becter,
          minmay_fractal_squares_diagonal_5, uniq_blork_the_orc
D:7:      kennysheep_kobold_camp, layout_basic, cheibrodos_worm_habitat,
          evilmike_ruin_ashenzari, old_standard_altar,
          minmay_temple_entry_poolview, minmay_ruffians
D:8:      layout_rooms, hangedman_glass_teeth
D:9:      minmay_the_grid_triangle_9x9_rhombus_full
          [minmay_the_grid_triangle_9x9_wacky_v,
          minmay_the_grid_triangle_9x9_from_above,
          minmay_the_grid_triangle_9x9_thin_v,
          minmay_the_grid_triangle_9x9_pentomino_pain,
          minmay_the_grid_triangle_9x9_sprig,
          minmay_the_grid_triangle_9x9_minimal,
          minmay_the_grid_triangle_9x9_longest,
          minmay_the_grid_triangle_9x9_prize_insulated], layout_gridville,
          mainiacjoe_overflow_alcove_1, lemuel_doored_altar, serial_shops,
          nicolae_shop_waterfront, uniq_grum

Skill      XL: |  1  2  3  4  5  6  7  8  9 10 |
---------------+-------------------------------+-----
Axes           | 4 6 7 9 10 | 10.1
Armour         | 3 4 5 6 7 8 10 | 10.0
Shields        | 3 4 6 9 11 | 11.0
Evocations     | 3 5 |  5.8
Fighting       | |  3.6
Dodging        | |  2.1

Action                   |  1- 3 |  4- 6 |  7- 9 | 10-12 || total
-------------------------+-------+-------+-------+-------++-------
Melee: Hand axe          |    99 |    86 |   374 |    86 ||   645
       Headbutt          |    14 |    11 |    87 |    32 ||   144
 Fire: Arbalest          |       |    18 |       |       ||    18
Invok: Berserk           |       |     2 |     2 |     3 ||     7
       Trog's Hand       |       |       |     1 |     3 ||     4
  Use: Scroll            |       |       |       |     7 ||     7
       Potion            |       |       |       |     6 ||     6
 Stab: Sleeping          |       |     1 |       |       ||     1
Armor: Animal skin       |    16 |     7 |       |       ||    23
       Ring mail         |       |    10 |       |       ||    10
       Chain mail        |       |     5 |     2 |       ||     7
       Plate armour      |       |       |   188 |    33 ||   221
Dodge: Dodged            |    53 |    49 |    47 |    15 ||   164
Block: Kite shield       |       |    10 |   204 |    53 ||   267
